 Dungeon Crawl Stone Soup version 0.30-a0-862-g1aabd4f9c5 (webtiles) character file.

Game seed: 16380349340609726168

401 Axe the Chopper (level 6, 0/55 HPs)
             Began as a Minotaur Fighter on Mar 10, 2023.
             Slain by a gnoll sergeant
             ... wielding a +1 spear of flaming
              (4 damage)
             ... on level 5 of the Dungeon.
             The game lasted 00:04:47 (2776 turns).

Axe the Chopper (Minotaur Fighter)                  Turns: 2776, Time: 00:04:48

Health: 0/55       AC:  8    Str: 23    XL:     6   Next: 54%
Magic:  5/5        EV: 10    Int:  5    God:
Gold:   225        SH:  4    Dex:  9    Spells: 5/5 levels left

rFire   . . .      SeeInvis .    a - +0 war axe
rCold   + . .      Faith    .    c - +0 buckler
rNeg    + . .      Spirit   .    b - +0 scale mail
rPois   .          Reflect  .    (helmet restricted)
rElec   .          Rampage  .    (no cloak)
rCorr   .                        h - +0 pair of gloves
Will    .....                    (no boots) Stlth
                                 (no amulet)
HPRegen 0.29/turn                o - ring of positive energy
MPRegen 0.09/turn                r - ring of protection from cold

@: no status effects
A: horns 2, retaliatory headbutt
a: no special abilities


You were on level 5 of the Dungeon.
You visited 1 branch of the dungeon, and saw 5 of its levels.

You collected 225 gold pieces.

Inventory:

Hand Weapons
 a - a +0 war axe (weapon)
Missiles
 j - 2 throwing nets (quivered)
Armour
 b - a +0 scale mail (worn)
 c - a +0 buckler (worn)
 h - a +0 pair of gloves (worn)
Jewellery
 o - a ring of positive energy (left hand)
 q - an amulet of magic regeneration
 r - a ring of protection from cold (right hand)
Wands
 v - a wand of iceblast (11)
 w - a wand of mindburst (17)
Scrolls
 e - a scroll of torment {unknown}
 f - 4 scrolls of identify {unknown}
 l - a scroll of vulnerability {unknown}
 s - 2 scrolls of poison {unknown}
 u - a scroll of teleportation {unknown}
 x - 2 scrolls of fog {unknown}
Potions
 d - 3 potions of might
 g - 5 potions of curing {unknown}
 i - 3 potions of heal wounds {unknown}
 k - 4 potions of haste {unknown}
 m - 2 potions of berserk rage {unknown}
 n - a potion of degeneration {unknown}
 p - a potion of flight {unknown}
 t - a potion of cancellation {unknown}


   Skills:
 + Level 4.9 Fighting
 * Level 5.3 Axes
 + Level 4.8 Armour
 + Level 2.6 Dodging
 + Level 4.9 Shields


You had 5 spell levels left.
You didn't know any spells.
Your spell library contained the following spells:

 Spells                   Type           Power      Damage    Failure   Level
 Tukima's Dance           Hex            0%         N/A       99%         3
 Passage of Golubria      Tloc           0%         N/A       100%        4
 Yara's Violent Unravell  Hex/Tmut       0%         3d3       100%        5


Dungeon Overview and Level Annotations

Branches:
Dungeon (5/15)
 Temple: D:4-7

Altars:


Innate Abilities, Weirdness & Mutations

You have a pair of horns on your head.
You reflexively headbutt those who attack you in melee.


Message History

The gnoll is severely wounded.
The gnoll misses you.
You slash the gnoll!
You kill the gnoll!
The gnoll sergeant closely misses you.
You slash the gnoll sergeant!
The gnoll sergeant is moderately wounded.
The gnoll sergeant hits you with a +1 spear of flaming.
The gnoll sergeant burns you.
The gnoll sergeant hits you with a +1 spear of flaming.
The gnoll sergeant burns you.
You slash the gnoll sergeant! You headbutt the gnoll sergeant!
The gnoll sergeant is almost dead.
The gnoll hits you from afar with a +0 halberd.
You hit the gnoll sergeant but do no damage.
Your headbutt misses the gnoll sergeant.
The gnoll sergeant is almost dead.
You barely miss the gnoll. The gnoll misses you.
The gnoll sergeant hits you with a +1 spear of flaming!
The gnoll sergeant burns you.
The gnoll hits you with a +0 flail of holy wrath.
The gnoll sergeant attacks as you move away!
The gnoll sergeant hits you with a +1 spear of flaming!
* * * LOW HITPOINT WARNING * * *
The gnoll sergeant burns you.
* * * LOW HITPOINT WARNING * * *
The gnoll hits you with a +0 halberd.
* * * LOW HITPOINT WARNING * * *
You block the gnoll sergeant's attack. The gnoll attacks as you move away!
The gnoll hits you with a +0 flail of holy wrath.
* * * LOW HITPOINT WARNING * * *
The gnoll hits you but does no damage.
The gnoll hits you from afar with a +0 halberd.
* * * LOW HITPOINT WARNING * * *
You hit the gnoll sergeant but do no damage.
The gnoll sergeant is almost dead.
The gnoll barely misses you.
The gnoll sergeant hits you with a +1 spear of flaming.
You die...

#.# ###.# ##
#..## #.#
#.#.## #.#
##.##g###..
##gg.##g#.#
##.#.#.##)#
#.##g##g##.#.#
#....@.......#
####.##.....##
.....[.$..#
#.####........
# ##>$...##
#.....#
#.###.# .# .#


You could see a gnoll sergeant and a gnoll.

Vanquished Creatures
  An ogre (D:4)
  2 hounds (D:4)
  2 iguanas
  An orc wizard (D:3)
  A gnoll (D:5)
  8 adders
  3 worms
  2 dart slugs
  5 orcs
  8 ball pythons
  6 endoplasms
  A giant cockroach (D:1)
  9 goblins
  6 hobgoblins
  11 jackals
  5 quokkas (D:1)
  2 bats
  10 frilled lizards
  3 kobolds
  5 rats
91 creatures vanquished.

Notes
Turn   | Place    | Note
-------+----------+-------------------------------------------
     0 | D:1      | Axe the Minotaur Fighter began the quest for the Orb.
     0 | D:1      | Reached XP level 1. HP: 19/19 MP: 0/0
   234 | D:1      | Reached XP level 2. HP: 27/27 MP: 1/1
   327 | D:1      | Reached skill level 3 in Axes
   438 | D:1      | Reached XP level 3. HP: 32/33 MP: 2/2
   609 | D:1      | Reached skill level 1 in Dodging
  1122 | D:2      | Reached XP level 4. HP: 40/40 MP: 3/3
  1643 | D:3      | Reached skill level 4 in Axes
  1681 | D:3      | Reached XP level 5. HP: 43/47 MP: 4/4
  2342 | D:4      | Noticed an ogre
  2346 | D:4      | Killed an ogre
  2347 | D:4      | Reached skill level 5 in Axes
  2347 | D:4      | Reached XP level 6. HP: 28/52 MP: 5/5
  2753 | D:5      | Entered Level 5 of the Dungeon
  2776 | D:5      | Slain by a gnoll sergeant

Illustrated notes

Levels and vault maps discovered:
D:1:      ncdulo_halloftheorcs, layout_basic, minmay_hedge_maze,
          nicolae_hexahallways
D:2:      layout_rooms, kennysheep_another_room
D:3:      layout_basic
D:4:      layout_rooms
D:5:      layout_loops_ring, mainiacjoe_overflow_tiny_flanked,
          minmay_temple_entry_gardened_gates

Skill      XL: |  1  2  3  4  5 |
---------------+----------------+-----
Axes           | 3 4 5 |  5.3
Shields        | 4 |  4.9
Fighting       | 4 |  4.9
Dodging        | 1 2 |  2.6
Armour         | 4 |  4.8

Action                     |  1- 3 |  4- 6 || total
---------------------------+-------+-------++-------
  Melee: War axe           |   100 |   117 ||   217
         Headbutt          |    12 |    12 ||    24
    Use: Potion            |       |     1 ||     1
 Armour: Scale mail        |    50 |    51 ||   101
  Dodge: Dodged            |    46 |    63 ||   109
  Block: Buckler           |    29 |    25 ||    54

Table legend: (Time is in decaauts)
 A = Elapsed time spent in this place.
 B = Non-inter-level travel time spent in this place.
 C = Inter-level travel time spent in this place.
 D = Time resting spent in this place.
 E = Time spent auto-exploring this place.
 F = Levels seen in this place.
 G = Mean time per level.
                   A        B        C        D        E       F      G
               +--------+--------+--------+--------+--------+-----+--------+
         Total |   2849 |   2769 |     80 |     98 |   2089 |   5 |  569.8 |
       Dungeon |   2849 |   2769 |     80 |     98 |   2089 |   5 |  569.8 |
               +--------+--------+--------+--------+--------+-----+--------+

Top non-repeatable levels by time:
     D:1: 990 daAuts
     D:3: 747 daAuts
     D:2: 603 daAuts
     D:4: 484 daAuts
     D:5: 24 daAuts
